 Dungeon Crawl Stone Soup version 0.19.0-2-gae57169 (webtiles) character file.

85 Khazard the Conjurer (level 4, -6/24 HPs)
             Began as a Tengu Wizard on Nov 5, 2016.
             Killed by divine providence
             ... invoked by an orc priest
              (8 damage)
             ... on level 3 of the Dungeon.
             The game lasted 00:01:50 (1874 turns).

Khazard the Conjurer (Tengu Wizard)                 Turns: 1874, Time: 00:01:50

Health: -6/24      AC:  2    Str:  8    XL:     4   Next: 48%
Magic:  1/10       EV: 12    Int: 19    God:
Gold:   80         SH:  0    Dex: 12    Spells: 5 memorised, 0 levels left

rFire  . . .     SeeInvis .     e - +0 spear
rCold  . . .     Gourm    .     m - +0 robe (curse)
rNeg   . . .     Faith    .     (no shield)
rPois  .         Spirit   .     b - +0 hat
rElec  .         Reflect  .     (no cloak)
rCorr  .         Harm     .     (no gloves)
MR     .....                    (boots unavailable)
Stlth  ++........               (no amulet)
                                (no ring)
                                (no ring)

@: very slightly contaminated
A: beak, talons 3
a: no special abilities


You were on level 3 of the Dungeon.
You were not hungry.

You visited 1 branch of the dungeon, and saw 4 of its levels.

You collected 80 gold pieces.

Inventory:

Hand Weapons
 e - a +0 spear (weapon)
Armour
 a - a +0 robe
 b - a +0 hat (worn)
 m - a cursed +0 robe (worn)
Scrolls
 h - a scroll of fog {unknown}
 i - a scroll of random uselessness {unknown}
 n - 4 scrolls of identify {unknown}
Books
 c - a book of Minor Magic

   Spells                             Type                      Level
   a - Magic Dart                     Conjuration                  1
   b - Blink                          Translocation                2
   c - Call Imp                       Summoning                    2
   d - Repel Missiles                 Charms/Air                   2
   e - Slow                           Hexes                        2
   f - Conjure Flame                  Conjuration/Fire             3
   g - Mephitic Cloud                 Conjuration/Poison/Air       3
Comestibles
 g - a beef jerky
 k - 2 fruits
 l - a slice of pizza
 p - a meat ration


   Skills:
 - Level 2.1 Dodging
 - Level 2.0 Stealth
 + Level 3.8 Spellcasting
 * Level 4.3 Conjurations
 - Level 1.2 Summonings
 - Level 0.7 Translocations


You couldn't memorise any spells.
You knew the following spells:

 Your Spells              Type           Power        Failure   Level  Hunger
a - Magic Dart            Conj           ###.         2%          1    None
b - Blink                 Tloc           N/A          17%         2    ##.....
c - Call Imp              Summ           #.......     14%         2    ##.....
e - Mephitic Cloud        Conj/Pois/Air  #.......     28%         3    ###....
k - Repel Missiles        Chrm/Air       #.....       24%         2    ##.....


Dungeon Overview and Level Annotations

Branches:
Dungeon (4/15)
 Temple: D:4-7

Altars:
Gozag


Innate Abilities, Weirdness & Mutations

You have a beak for a mouth.
You have claws for feet.


Message History

The magic dart hits the orc priest.
The orc priest is moderately wounded.
Casting: Magic Dart
Confirm with . or Enter, or press ? or * to list all spells.
Aiming: Mephitic Cloud
Press: ? - help, Shift-Dir - straight line, p - orc priest You miscast Mephitic Cloud.
A wave of violent energy washes through your body!
* * * LOW HITPOINT WARNING * * *
Unknown command.
Casting: Mephitic Cloud
Confirm with . or Enter, or press ? or * to list all spells.
Aiming: Mephitic Cloud
Press: ? - help, Shift-Dir - straight line, f - orc priest
Aim: an orc priest, wearing a leather armour (moderately wounded)
You miscast Mephitic Cloud.
You feel slightly ill.
The orc priest casts a cantrip, but nothing happens.
The orc priest calls down the wrath of Beogh upon you.
Beogh smites you!
You die...

#.#
#.#
#.#
#)#
#.#
#.#
#.#
#.#
#.#
#o#
#.#
#.#
##o#
#.#
...#
#.#
##.#
#@#
###
###


You could see an orc priest.

Vanquished Creatures
  2 adders (D:2)
  A leopard gecko (D:2)
  3 orcs (D:3)
  5 bats
  2 giant cockroaches
  4 hobgoblins
  2 quokkas (D:2)
  A frilled lizard (D:1)
  6 goblins
  5 kobolds
  7 rats
38 creatures vanquished.

Vanquished Creatures (collateral kills)
  A scorpion (D:4)
1 creature vanquished.

Grand Total: 39 creatures vanquished

Notes
Turn   | Place    | Note
-------+----------+-------------------------------------------
     0 | D:1      | Khazard the Tengu Wizard began the quest for the Orb.
     0 | D:1      | Reached XP level 1. HP: 10/10 MP: 5/5
   480 | D:1      | Reached skill level 2 in Conjurations
   480 | D:1      | Reached XP level 2. HP: 14/15 MP: 4/7
   544 | D:1      | Learned a level 2 spell: Call Imp
   547 | D:1      | Learned a level 2 spell: Blink
   550 | D:1      | Learned a level 2 spell: Repel Missiles
  1051 | D:2      | Reached skill level 3 in Conjurations
  1051 | D:2      | Reached XP level 3. HP: 12/19 MP: 1/8
  1275 | D:2      | Found a faded altar of an unknown god.
  1372 | D:2      | You fall through a shaft for 2 floors!
  1381 | D:4      | Found an opulent altar of Gozag.
  1545 | D:4      | Noticed a scorpion
  1568 | D:4      | Killed a scorpion
  1568 | D:4      | Reached skill level 4 in Conjurations
  1568 | D:4      | Reached XP level 4. HP: 21/24 MP: 1/10
  1807 | D:3      | Learned a level 3 spell: Mephitic Cloud
  1874 | D:3      | Killed from afar by an orc priest

Skill      XL: |  1  2  3 |
---------------+----------+-----
Conjurations   | 2 3 4 |  4.3
Dodging        | |  2.1
Stealth        | |  2.0
Spellcasting   | |  3.8
Summonings     | |  1.2
Translocations | |  0.7

Action                   |  1- 3 |  4- 6 || total
-------------------------+-------+-------++-------
Melee: Unarmed           |     5 |       ||     5
       Kick              |     2 |       ||     2
       Spear             |     1 |       ||     1
 Cast: Magic Dart        |    66 |    12 ||    78
       Call Imp          |     4 |     1 ||     5
  Use: Potion            |     5 |     2 ||     7
       Scroll            |     1 |       ||     1
  Eat: Chunk             |     1 |       ||     1
       Bread ration      |       |     1 ||     1
Armor: Robe              |     2 |       ||     2
Dodge: Dodged            |    18 |       ||    18
